Map: 2000 Atmospheres LE

Players

Mechachu

  • Race: Terran Terran
  • League: Master

Sepheron - Winner!

  • Race: Protoss Protoss
  • League: Grandmaster

VOD

Have the link to the VOD?

Description

Time

  • Played on: Nov. 22, 2021, 2:56 a.m.
  • Length: 5:23
Show
View Real Time Build Order
Export as new Build Order

Mechachu Terran 

Build Orders: Liberator Opening 

Get SALT Encoding   

  12  0:00  SCV  
  13  0:12  SCV  
  14  0:17  Supply Depot  
  14  0:24  SCV  
  15  0:38  SCV  
  15  0:40  Barracks  
  16  0:46  Refinery  
  16  0:51  SCV  
  17  0:57  Refinery  
  17  1:03  SCV  
  18  1:15  SCV  
  19  1:28  Orbital Command  
  19  1:32  Barracks Reactor  
  19  1:39  Supply Depot  
  19  1:45  Factory  
  19  1:54  SCV  
  20  2:06  SCV  
  20  2:08  Reaper x2  
  23  2:15  Supply Depot  
  23  2:18  SCV  
  24  2:29  Hellion  
  26  2:32  Starport  
  26  2:34  SCV  
  27  2:40  Reaper  
  28  2:53  Reaper  
  28  2:54  Hellion  
  31  3:04  SCV  
  32  3:09  Supply Depot  
  32  3:12  Reaper  
  32  3:21  Hellion  
  32  3:25  Liberator  
  32  3:26  SCV  
  38  3:36  Command Center  
  38  3:42  Reaper  
  38  3:44  Reaper  
  38  3:46  SCV  
  36  4:03  Hellion  
  36  4:08  SCV  
  33  4:14  Reaper  
  33  4:16  Reaper  
  31  4:20  SCV  
  29  4:32  SCV  
  29  4:37  Factory Tech Lab  
  30  4:46  SCV  
  31  4:58  SCV  
  29  5:00  Marine x2  
  29  5:01  Starport Tech Lab  
Show
View Real Time Build Order
Export as new Build Order

Sepheron Protoss - Winner!

Build Orders: 1 Gate Expand 

Get SALT Encoding   

  12  0:00  Probe  
  13  0:12  Probe  
  14  0:17  Pylon  
  14  0:24  Probe  
  15  0:36  Gateway  
  15  0:38  Probe  
  16  0:50  Probe  
  17  1:03  Probe  
  18  1:10  Nexus  
  18  1:17  Assimilator  
  18  1:24  Cybernetics Core  
  18  1:28  Probe  
  19  1:37  Pylon  
  19  1:40  Probe  
  20  1:51  Warp Gate (Chrono Boost)  
  20  1:52  Probe  
  21  1:56  Gateway  
  21  2:04  Probe  
  21  2:05  Adept (Chrono Boost)  
  24  2:16  Probe  
  24  2:18  Gateway  
  25  2:28  Adept, Probe  
  28  2:31  Probe  
  29  2:40  Probe  
  29  2:43  Adept, Probe  
  33  2:47  Pylon  
  33  2:53  Probe  
  34  2:58  Probe  
  34  3:05  Probe  
  36  3:07  Pylon  
  36  3:11  Probe  
  37  3:22  Probe, Pylon  
  37  3:23  Probe  
  39  3:29  Shield Battery  
  39  3:30  Shield Battery  
  39  3:34  Probe (Chrono Boost)  
  39  3:36  Probe (Chrono Boost)  
  41  3:41  Adept  
  41  3:42  Adept  
  41  3:46  Probe (Chrono Boost)  
  46  4:04  Probe  
  45  4:20  Gateway x2  
  45  4:22  Gateway x2  
  39  4:24  Adept  
  39  4:25  Adept x2  
  39  4:27  Assimilator  
  39  4:28  Assimilator  
  43  4:32  Robotics Facility, Pylon  
  43  4:33  Probe x2  
  45  4:39  Assimilator  
  45  4:40  Shield Battery  
  45  4:41  Pylon  
  45  4:45  Stalker, Probe x2  
  47  4:48  Stalker  
  51  4:57  Probe  
  51  4:59  Probe  
  53  5:09  Probe  
  53  5:11  Probe, Pylon  
  55  5:14  Pylon  
  55  5:17  Stalker x3  
  55  5:19  Zealot  
Tags
 
Add a new tag
Caveats
  • Supply blocks, unpowered buildings, or Contaminate may cause inaccurate times.
  • Supply counts are checked every 10 seconds.